 Dungeon Crawl Stone Soup version 0.31.0-11-ge490571c62 (webtiles) character file.

Game seed: 9060095343482614254

11904 hawla the Mimic (level 11, -19/57 HPs)
             Began as a Deep Elf Fire Elementalist on Feb 5, 2024.
             Demolished by an orc knight
             ... wielding a +0 great mace
              (30 damage)
             ... on level 9 of the Dungeon.
             The game lasted 00:39:30 (13080 turns).

hawla the Mimic (Deep Elf Fire Elementalist)       Turns: 13080, Time: 00:39:32

Health: -19/57     AC:  9    Str:  9    XL:     11   Next: 55%
Magic:  26/26      EV: 14    Int: 36    God:
Gold:   222        SH:  0    Dex: 15    Spells: 15/28 levels left

rFire   + . .        k - staff of conjuration
rCold   . . .        b - orb "Nagulekh" {light, Str+4 Int+5}
rNeg    . . .        C - +0 troll leather armour
rPois   .            x - +0 helmet
rElec   .            t - +1 cloak {Stlth+}
rCorr   .            u - +0 pair of gloves
SInv    .            y - +0 pair of boots
Will    +....        q - amulet of regeneration
Stlth   ++           f - ring of protection from fire
HPRegen 1.89/turn    F - +6 ring of intelligence
MPRegen 0.20/turn

%: no passive effects
@: lethally poisoned (-19 -> -28), glowing, studying 2 skills
A: no striking features
a: no special abilities


You were on level 9 of the Dungeon.
You visited 2 branches of the dungeon, and saw 10 of its levels.
You also visited: Sewer and Bailey.

You collected 530 gold pieces.
You spent 308 gold pieces at shops.

Inventory:

Hand Weapons
 s - a +4 quarterstaff of chaos
 J - a +2 scimitar of flaming
Armour
 b - the orb "Nagulekh" (worn) {light, Str+4 Int+5}
   (You acquired it in a bailey)

   Str+4:     It affects your strength (+4).
   Int+5:     It affects your intelligence (+5).
 t - a +1 cloak of stealth (worn)
 u - a +0 pair of gloves (worn)
 x - a +0 helmet (worn)
 y - a +0 pair of boots (worn)
 C - a +0 troll leather armour (worn)
 K - a +3 leather armour of fire resistance
Magical Staves
 k - a staff of conjuration (weapon)
 n - a staff of cold
 z - a staff of air
Jewellery
 e - the amulet "Vidoz" {Faith Int+3 Slay+2}
   (You found it on level 8 of the Dungeon)

   [amulet of faith]

   Faith:     It allows you to gain divine favour quickly.
   Int+3:     It affects your intelligence (+3).
   Slay+2:    It affects your accuracy & damage with ranged weapons and melee
   (+2).
 f - a ring of protection from fire (left hand)
 o - a +6 ring of strength
 q - an amulet of regeneration (around neck)
 F - a +6 ring of intelligence (right hand)
Wands
 l - a wand of mindburst (20)
 v - a wand of flame (4) (quivered)
 A - a wand of charming (15)
Scrolls
 a - 3 scrolls of fog
 c - 4 scrolls of vulnerability
 d - 5 scrolls of teleportation
 j - a scroll of fear
 p - a scroll of poison
 r - a scroll of silence
 B - a scroll of torment {unknown}
 D - a scroll of amnesia
Potions
 g - a potion of haste
 h - a potion of brilliance
 i - a potion of berserk rage
 m - a potion of resistance
 w - a potion of ambrosia
 E - a potion of cancellation
 G - 2 potions of curing
 H - 2 potions of lignification


   Skills:
 - Level 2.0 Fighting
 - Level 0.5 Staves
 - Level 4.0 Armour
 + Level 5.6 Dodging
 - Level 4.0 Stealth
 - Level 4.0 Shields
 - Level 9.0 Spellcasting
 - Level 9.0 Conjurations
 - Level 2.0 Translocations
 - Level 6.0 Fire Magic
 - Level 2.0 Ice Magic
 - Level 4.0 Air Magic
 - Level 5.0 Evocations
 - Level 10.0 Shapeshifting


You had 15 spell levels left.
You knew the following spells:

 Your Spells              Type           Power      Damage    Failure   Level
a - Foxfire               Conj/Fire      100%       2x1d9     1%          1
b - Scorch                Fire           100%       2d9       1%          2
c - Flame Wave            Conj/Fire      81%        2d18      1%          4
d - Airstrike             Air            22%        2d(4-20)  7%          4
e - Blink                 Tloc           60%        N/A       2%          2

Your spell library contained the following spells:

 Spells                   Type           Power      Damage    Failure   Level
 Magic Dart               Conj           100%       1d8       1%          1
 Static Discharge         Conj/Air       100%       3-8/arc   1%          2
 Volatile Blastmotes      Fire/Tloc      90%        2d17      1%          3
 Lesser Beckoning         Tloc           60%        N/A       2%          2
 Inner Flame              Hex/Fire       37%        N/A       3%          3
 Gell's Gravitas          Tloc           30%        N/A       4%          3
 Teleport Other           Tloc           30%        N/A       4%          3
 Call Imp                 Summ           32%        N/A       5%          2
 Summon Lightning Spire   Summ/Air       30%        N/A       16%         4
 Summon Cactus Giant      Summ           8%         N/A       99%         6


Dungeon Overview and Level Annotations

Branches:
Dungeon (9/15)             Temple (1/1) D:7           Sewer (visited)
 Bailey (visited)
   Lair: D:8-11         Orc: D:9-12

Altars:
Ashenzari
Cheibriados
Dithmenos
Elyvilon
Fedhas
Gozag
Hepliaklqana
Kikubaaqudgha
Makhleb
Nemelex Xobeh
Okawaru
Qazlal
Ru
Sif Muna
Trog
Uskayaw
Wu Jian
Xom
Yredelemnul
Zin
The Shining One

Shops:
D:4 *

Annotations:
D:5 dig the loot


Message History

The orc knight shouts!
The green ugly thing gurgles horribly!
The golden eye blinks!
The green ugly thing barely misses you.
Casting: Scorch (safe; 1% risk of failure)
Confirm with . or Enter, or press ? or * to list all spells.
Casting: Flame Wave (dangerous; 1% risk of failure)
Press: ? - help, Dir - look around, f - activate
Okay, then.
You barely miss the golden eye.
The green ugly thing closely misses you.
You hit the golden eye but do no damage.
You blast the golden eye.
The golden eye is moderately wounded.
The golden eye blinks!
The green ugly thing bites you but does no damage.
The green ugly thing attacks as it pursues you!
The green ugly thing bites you but does no damage.
The tengu warrior is no longer more vulnerable to fire.
The green ugly thing bites you but does no damage.
The green ugly thing bites you!
The green ugly thing attacks as it pursues you!
The green ugly thing completely misses you.
The golden eye changes into a human!
The green ugly thing bites you but does no damage.
The orc knight hits you but does no damage.
The green ugly thing attacks as it pursues you!
The green ugly thing bites you!
The orc knight hits you with a +0 great mace!!
The green ugly thing attacks as it pursues you!
The green ugly thing bites you.
You are poisoned.
The green ugly thing poisons you!
You hit the human.
You blast the human.
The human is moderately wounded.
You feel extremely sick. The human hits you.
* * * LOW HITPOINT WARNING * * *
The orc knight hits you with a +0 great mace!!
Ouch! That really hurt!
You die...

.........# #.########.##.# #.....
....###### #..........##.###.....
#....#.#####..##########.........
.......#.........................
...###.#.###################.....
.........# ♣ ♣ #.....#♣♣. #.....
.#..#....#♣. .♣#Q♣♣♣.#♣... #...[.
.........#.# #.#uo...#.....#.....
...#####.#.# #.#@##'##.....#.....
.......#.#.# #.#p#..##.....#..###
...###.#.#.# #.#.#..# .♣...#..# #
...# #.#...#.#[#.#)## ♣.......# #
.### #.#...#.#...#+ .♣....†.# #
.# #.#...#.#.### ♣....)..### .###
#.#.#.#.#.# .♣...#.....
...###.#.#.#.#.# .....#...##
....##.#.#)#.#.# #.....#...#


You could see an orc knight, a green ugly thing, a tengu warrior and a human
shaped shifter.

Vanquished Creatures
  Erica (D:8)
  A two-headed ogre (D:9)
  Joseph (D:7)
  A gargoyle (D:9)
  2 kobold demonologists
  A troll (D:9)
  Sigmund (D:3)
  3 wyverns
  15 yaks
  3 steam dragons
  Menkaure (D:5)
  2 ice beasts
  14 orc warriors
  3 sky beasts (D:7)
  A black bear (D:4)
  4 ogres
  13 centaurs
  A phantom (D:7)
  5 kobold brigands (D:8)
  6 bullfrogs
  2 scorpions
  4 wights (D:9)
  4 killer bees (D:7)
  5 howler monkeys
  A bombardier beetle (D:4)
  A centaur zombie (D:7)
  3 jellies
  6 hounds
  5 orc priests
  Crazy Yiuf (D:3)
  A gnoll bouda (D:6)
  3 iguanas
  A sleepcap (D:6)
  11 orc wizards
  3 killer bee zombies (D:7)
  A mummy (D:7)
  Robin (D:4)
  7 adders
  8 gnolls
  A white imp (D:7)
  2 ufetubi (D:7)
  13 dart slugs
  2 ribbon worms
  55 orcs
  4 bats
  11 endoplasms
  13 giant cockroaches
  13 goblins
  10 hobgoblins
  6 jackals
  8 quokkas
  19 ball pythons
  14 frilled lizards
  17 kobolds
  4 rats
  A spectral kobold (D:1)
340 creatures vanquished.

Vanquished Creatures (collateral kills)
  4 foxfires (D:2)
4 creatures vanquished.

Vanquished Creatures (others)
  673 foxfires
673 creatures vanquished.

Grand Total: 1017 creatures vanquished

Notes
Turn   | Place    | Note
-------+----------+-------------------------------------------
     0 | D:1      | hawla the Deep Elf Fire Elementalist began the quest for
                  | the Orb.
     0 | D:1      | Reached XP level 1. HP: 10/10 MP: 6/6
   164 | D:1      | Reached XP level 2. HP: 15/15 MP: 4/8
   678 | D:1      | Found a faded altar of an unknown god.
  1115 | D:2      | Learned a level 2 spell: Scorch
  1197 | D:2      | Reached XP level 3. HP: 20/20 MP: 6/9
  1387 | D:2      | Reached skill level 1 in Fighting
  2073 | D:2      | Reached XP level 4. HP: 26/26 MP: 8/10
  2259 | D:3      | Noticed Sigmund
  2347 | D:3      | Killed Sigmund
  2348 | D:3      | Reached XP level 5. HP: 30/30 MP: 3/11
  2427 | D:3      | Found a glowing drain.
  2442 | D:3      | Reached XP level 6. HP: 35/35 MP: 5/12
  2445 | Sewer    | Entered a sewer
  3727 | D:3      | Found a runed translucent door.
  3728 | D:3      | Noticed Crazy Yiuf
  3735 | D:3      | Killed Crazy Yiuf
  3837 | D:3      | Reached XP level 7. HP: 40/40 MP: 6/13
  4049 | D:3      | Found an ancient bone altar of Kikubaaqudgha.
  4144 | D:4      | Noticed Robin
  4144 | D:4      | Found Liuc's General Store.
  4158 | D:3      | Learned a level 4 spell: Flame Wave
  4432 | D:3      | You fall into a shaft and drop 3 floors!
  4466 | D:5      | Entered Level 5 of the Dungeon
  4466 | D:5      | Found an iron altar of Okawaru.
  4472 | D:5      | Reached skill level 5 in Evocations
  4472 | D:5      | Reached skill level 1 in Translocations
  4472 | D:5      | Reached skill level 1 in Ice Magic
  4769 | D:5      | Identified the +8 falchion "Tilus" {drain, Str+3 Dex+3}
  4830 | D:4      | Reached XP level 8. HP: 44/44 MP: 7/14
  5005 | D:4      | Reached skill level 5 in Fire Magic
  5201 | D:4      | Bought a scroll of revelation for 90 gold pieces
  5201 | D:4      | Bought a wand of flame (6) for 50 gold pieces
  5635 | D:4      | Learned a level 4 spell: Airstrike
  5834 | D:4      | Found a glowing silver altar of Zin.
  5837 | D:4      | Noticed an angel
  5861 | D:4      | Killed Robin
  6187 | D:5      | Reached skill level 5 in Spellcasting
  6324 | D:5      | Found a shadowy altar of Dithmenos.
  6324 | D:5      | Found a white marble altar of Elyvilon.
  6328 | D:5      | Found an opulent altar of Gozag.
  6328 | D:5      | Found a shimmering altar of Xom.
  6867 | D:5      | Noticed Menkaure
  6871 | D:5      | Killed Menkaure
  7168 | D:6      | Reached skill level 5 in Conjurations
  7168 | D:6      | Reached XP level 9. HP: 39/48 MP: 7/21
  8410 | D:7      | Found a snail-covered altar of Cheibriados.
  8488 | D:7      | Noticed Joseph
  8496 | D:7      | Killed Joseph
  8497 | D:7      | Reached XP level 10. HP: 42/53 MP: 11/25
  8727 | D:7      | Found a sparkling altar of Nemelex Xobeh.
  8785 | D:7      | Found a staircase to the Ecumenical Temple.
  8830 | Temple   | Entered the Ecumenical Temple
  8863 | D:7      | Reached skill level 1 in Shapeshifting
  9266 | D:8      | Learned a level 2 spell: Blink
  9390 | D:8      | Reached skill level 2 in Shapeshifting
  9398 | D:8      | Reached skill level 3 in Shapeshifting
  9458 | D:8      | Identified the amulet "Vidoz" {Faith Int+3 Slay+2}
  9499 | D:8      | Reached skill level 4 in Shapeshifting
  9504 | D:8      | Reached skill level 5 in Shapeshifting
  9509 | D:8      | Found a flagged portal.
  9543 | Bailey   | Entered a bailey
  9928 | Bailey   | Reached skill level 6 in Shapeshifting
 10168 | Bailey   | Reached skill level 7 in Shapeshifting
 10597 | Bailey   | Reached skill level 8 in Shapeshifting
 10718 | Bailey   | Acquired the orb "Nagulekh" {light, Str+4 Int+5}
 11076 | D:8      | Noticed Erica
 11084 | D:8      | HP: 1/53 [Erica/bolt of poison (25)]
 11086 | D:8      | Killed Erica
 11087 | D:8      | Reached XP level 11. HP: 13/57 MP: 14/26
 11151 | D:4      | Bought a +1 leather armour of fire resistance for 168 gold
                  | pieces
 11920 | D:9      | Noticed a two-headed ogre
 11928 | D:9      | Killed a two-headed ogre
 11929 | D:9      | Reached skill level 9 in Shapeshifting
 12100 | D:9      | Identified the +6 glaive of Pudaploi {drain, rElec rN+++
                  | Will- Stlth-}
 12119 | D:9      | Reached skill level 10 in Shapeshifting
 12119 | D:9      | Reached skill level 1 in Armour
 12958 | D:9      | Reached skill level 5 in Dodging
 13066 | D:9      | Noticed a green ugly thing
 13066 | D:9      | Noticed a tengu warrior
 13066 | D:9      | Noticed an orc knight
 13080 | D:9      | Demolished by an orc knight

Illustrated notes

Levels and vault maps discovered:
D:1:      tarquinn_simple_flora_water_d, layout_loops_cross,
          dreamdust_ecumenical_altar_drowned_temple, patterned_corridor
D:2:      wad_woods_settlement, layout_basic
D:3:      layout_loops_cross, mainiacjoe_overflow_tiny_flanked,
          portal_sewer_entry_a, minmay_box_of_dots, uniq_crazy_yiuf_cottage,
          uniq_sigmund
D:4:      layout_loops_ring, zin_angel, nicolae_stop_n_shop_1,
          chequers_serial_rivers_large_b, uniq_robin
D:5:      cheibrodos_quashed, layout_loops_ring, okawaru_ov_weapons_minmay,
          chequers_temple_overflow_statue_of_worship, uniq_menkaure
D:6:      layout_basic
D:7:      layout_loops_ring, mainiacjoe_overflow_24_doors, lemuel_crystal_altar,
          temple_pool_b, minmay_mini_ossuary, uniq_joseph
D:8:      layout_gridville, enter_bailey_8, uniq_erica
D:9:      nzn_winding_woodlands_small [nzn_winding_woodlands_5x15_parted,
          nzn_winding_woodlands_center_lodge,
          nzn_winding_woodlands_5x15_longhouse], layout_basic, marbit_many_paths
Temple:   hc_temple_tempest_star

Skill      XL: |  1  2  3  4  5  6  7  8  9 10 11 |
---------------+----------------------------------+-----
Fighting       | 2 |  2.0
Stealth        | 4 |  4.0
Shields        | 3 4 |  4.0
Evocations     | 3 5 |  5.0
Translocations | 2 |  2.0
Ice Magic      | 2 |  2.0
Fire Magic     | 4 6 |  6.0
Spellcasting   | 7 9 |  9.0
Conjurations   | 5 9 |  9.0
Air Magic      | 2 4 |  4.0
Shapeshifting  | 8 10 | 10.0
Armour         | 4 |  4.0
Dodging        | 5 |  5.6
Staves         | |  0.5

Action                     |  1- 3 |  4- 6 |  7- 9 | 10-12 || total
---------------------------+-------+-------+-------+-------++-------
  Melee: Unarmed           |    11 |       |       |       ||    11
         Staff             |       |       |    79 |    45 ||   124
         Punch             |       |       |     3 |       ||     3
         Quarterstaff      |       |       |       |    63 ||    63
   Cast: Foxfire           |    74 |    70 |    95 |   140 ||   379
         Scorch            |     9 |    25 |    94 |    51 ||   179
         Flame Wave        |       |       |    13 |    25 ||    38
  Evoke: Wand              |       |       |       |     2 ||     2
    Use: Scroll            |     4 |       |    16 |    10 ||    30
         Potion            |       |       |     3 |     8 ||    11
   Stab: Sleeping          |       |       |     2 |     1 ||     3
         Distracted        |       |       |     1 |       ||     1
         Confused          |       |       |       |     1 ||     1
 Armour: Robe              |    10 |    13 |   110 |   134 ||   267
         Skin              |       |       |       |    15 ||    15
         Troll leather arm |       |       |       |    41 ||    41
         Leather armour    |       |       |       |    21 ||    21
  Dodge: Dodged            |    24 |    26 |   133 |   174 ||   357
